AoeStats
← MIJO EM TI

Arabia

510456573Analyzed
1v1 RM · 1d ago on Oct 1, 2026· 51m 49s· 2 players
Game mode
Random Map
Map size
Tiny (2 player)
Population
200
Speed
Normal
Resources
Standard
Victory
Conquest
Starting age
Dark Age
Ending age
Imperial Age
RankedLock teamsTeams togetherTeam positionsShared explorationLock speedFull tech treeHidden civsTurbo modeCheats
Victory
Defeat
🇺🇸 Persians · United States
907
+14
🇦🇷 Slavs · Argentina
860
-14
Besto
7:33 Loom
10:14 Feudal Age
14:02 Double-Bit Axe
17:57 Castle Age
16:20 Horse Collar
22:49 Ballistics
23:19 Bow Saw
23:12 Heavy Plow
24:01 Fletching
26:23 Bodkin Arrow
30:21 Wheelbarrow
29:31 Town Watch
30:36 Padded Archer Armor
30:37 Scale Mail Armor
34:50 Hand Cart
35:25 Town Patrol
37:10 Gold Mining
37:54 Scale Barding Armor
37:59 Forging
41:23 Imperial Age
40:40 Stone Mining
41:26 Gold Shaft Mining
41:56 Heavy Scorpion
43:05 Chain Barding Armor
43:21 Iron Casting
46:11 Leather Archer Armor
46:56 Blast Furnace
47:05 Pikeman
MIJO EM TI
7:47 Loom
12:15 Feudal Age
15:30 Double-Bit Axe
16:16 Bloodlines
17:20 Horse Collar
24:25 Castle Age
23:35 Scale Barding Armor
23:41 Forging
25:44 Husbandry
26:31 Iron Casting
27:20 Wheelbarrow
29:30 Chain Barding Armor
37:44 Imperial Age
37:36 Squires
37:24 Gambesons
37:25 Arson
38:28 Hand Cart
37:47 Cavalier
39:34 Blast Furnace
39:10 Plate Barding Armor
39:42 Heavy Plow
39:49 Pikeman
42:55 Capped Ram
47:18 Savar
52:08 Scale Mail Armor
51:33 Halberdier
Connection lost

Rejoining the realm…

Still unreachable

The connection could not be restored.

Session expired

The server has moved on; the page needs a fresh start.